 Dungeon Crawl Stone Soup version 0.23.2-33-g5129a83184 (webtiles) character file.

Game seed: 1158824632067571637

24698 Meegle the Thaumaturge (level 12, -22/61 HPs)
             Began as a Deep Elf Fire Elementalist on July 21, 2019.
             Was an Elder of Vehumet.
             Engulfed by a cloud of flame (30 damage)
             ... in a volcano.
             The game lasted 01:15:17 (18813 turns).

Meegle the Thaumaturge (DEFE)                      Turns: 18813, Time: 01:15:18

Health: -22/61     AC:  5    Str:  5    XL:     12   Next: 83%
Magic:  32/32      EV: 22    Int: 31    God:    Vehumet [****..]
Gold:   1246       SH:  3    Dex: 21    Spells: 4/40 levels left

rFire    . . .     SeeInvis .   S - +5 dagger (freeze)
rCold    . . .     Gourm    .   (no shield)
rNeg     . . .     Faith    .   W - +0 leather armour of the Arcane {Regen+ rCorr Int+5 Dex+4}
rPois    .         Spirit   .   w - +0 helmet of Elyvilon's Fury {Dex+2}
rElec    .         Reflect  +   (no cloak)
rCorr    +         Harm     .   q - +0 pair of gloves
MR       +....                  (no boots)
Stlth    ++++......             f - +3 amulet of reflection
HPRegen  0.60/turn              e - ring of stealth
MPRegen  0.23/turn              B - +5 ring of evasion

@: no status effects
A: no striking features
a: Renounce Religion


You were in a volcano.
You worshipped Vehumet.
Vehumet was greatly pleased with you.
You were not hungry.

You visited 3 branches of the dungeon, and saw 16 of its levels.
You also visited: Ossuary and Volcano.

You collected 1246 gold pieces.

Inventory:

Hand Weapons
 d - a +3 falchion of holy wrath
 v - a +1 dagger of venom
 S - a +5 dagger of freezing (weapon)
Missiles
 Q - 2 throwing nets (quivered)
Armour
 q - a +0 pair of gloves (worn)
 w - the +0 helmet of Elyvilon's Fury (worn) {Dex+2}
   (You took it off Robin on level 4 of the Dungeon)

   It affects your dexterity (+2).
 G - the +1 helmet of Ogosseh {rF- Dex+3}
   (You found it on level 6 of the Dungeon)

   It affects your dexterity (+3).
   It makes you vulnerable to fire.
 J - a +1 robe of positive energy
 K - the +0 pair of gloves of Servitude {-Tele rN+ Str+8 Dex-3}
   (You found it on level 7 of the Dungeon)

   It affects your strength (+8).
   It affects your dexterity (-3).
   It protects you from negative energy.
   It prevents most forms of teleportation.
 W - the +0 leather armour of the Arcane (worn) {Regen+ rCorr Int+5 Dex+4}
   (You found it on level 3 of the Lair of Beasts)

   It affects your intelligence (+5).
   It affects your dexterity (+4).
   It increases your rate of regeneration.
   It provides partial protection from all sources of acid and corrosion.
Magical Staves
 P - an uncursed staff of death
Jewellery
 e - a ring of stealth (left hand)
 f - a +3 amulet of reflection (around neck)
 n - a +3 ring of intelligence
 B - a +5 ring of evasion (right hand)
 T - a cursed ring of teleportation {unknown}
 X - a +5 ring of dexterity
Wands
 O - a wand of acid (8)
 R - a wand of iceblast (5)
Scrolls
 g - 4 scrolls of random uselessness {unknown}
 i - 6 scrolls of teleportation {unknown}
 k - 5 scrolls of enchant weapon
 m - 15 scrolls of identify
 o - 5 scrolls of amnesia
 t - 2 scrolls of magic mapping {unknown}
 x - 3 scrolls of remove curse
 z - 6 scrolls of fog {unknown}
 A - a scroll of fear {unknown}
 F - 3 scrolls of immolation {unknown}
 H - 4 scrolls of blinking {unknown}
 M - a scroll of silence {unknown}
 U - a scroll of enchant armour {unknown}
Potions
 a - a potion of degeneration {unknown}
 h - 4 potions of curing
 j - 2 potions of agility {unknown}
 l - 4 potions of heal wounds {unknown}
 p - 3 potions of brilliance {unknown}
 r - a potion of cancellation {unknown}
 u - 2 potions of might {unknown}
 D - 2 potions of flight {unknown}
 E - a potion of mutation {unknown}
 L - 2 potions of magic {unknown}
 N - a potion of resistance {unknown}
 V - a potion of berserk rage {unknown}
Comestibles
 c - 20 rations
 I - 4 chunks of flesh


   Skills:
 + Level 1.4 Fighting
 + Level 1.1 Short Blades
 + Level 0.3 Armour
 * Level 8.2 Dodging
 + Level 4.4 Stealth
 + Level 14.9 Spellcasting
 + Level 11.6 Conjurations
 + Level 12.7 Fire Magic
 * Level 3.7 Air Magic
 * Level 4.8 Evocations


You had 4 spell levels left.
You knew the following spells:

 Your Spells              Type           Power        Failure   Level  Hunger
a - Flame Tongue          Conj/Fire      #####        0%          1    None
b - Throw Flame           Conj/Fire      ######       1%          2    None
c - Conjure Flame         Conj/Fire      #######.     1%          3    None
d - Sticky Flame          Conj/Fire      #######.     1%          4    None
e - Fireball              Conj/Fire      #######...   1%          5    None
f - Freeze                Ice            ###.         1%          1    None
g - Iskenderun's Mystic   Conj           #######.     1%          4    None
h - Throw Frost           Conj/Ice       ######       1%          2    None
i - Ignite Poison         Fire/Tmut/Pois #####...     1%          3    None
j - Swiftness             Chrm/Air       ####....     2%          2    None
k - Lightning Bolt        Conj/Air       ######....   1%          5    None
l - Olgreb's Toxic Radia  Pois           ###.....     9%          4    None

Your spell library contained the following spells:

 Spells                   Type           Power        Failure   Level  Hunger
 Magic Dart               Conj           ####         1%          1    None
 Shock                    Conj/Air       ####         1%          1    None
 Searing Ray              Conj           ######       1%          2    None
 Dazzling Spray           Conj/Hex       ######       1%          3    None
 Inner Flame              Hex/Fire       ######..     1%          3    None
 Static Discharge         Conj/Air       ######..     1%          3    None
 Airstrike                Air            #####.....   1%          4    None
 Force Lance              Conj/Tloc      ######..     1%          4    None
 Fulminant Prism          Conj/Hex       ######....   1%          4    None
 Confusing Touch          Hex            ###...       3%          1    None
 Confuse                  Hex            ###.....     10%         3    None
 Gell's Gravitas          Tloc           ###.......   10%         3    None
 Petrify                  Tmut/Erth      ###.....     32%         4    None
 Yara's Violent Unravell  Hex/Tmut       ###.......   24%         5    None
 Metabolic Englaciation   Hex/Ice        ###.......   65%         5    None


Dungeon Overview and Level Annotations

Branches:
Dungeon (11/15)            Temple (1/1) D:7            Lair (4/6) D:11
 Shoals (0/4) Lair:3          Orc (0/2) D:9
  Snake: Lair:2-4    Spider: Lair:2-4

Altars:
Dithmenos
Elyvilon
Fedhas
Hepliaklqana
Makhleb
Nemelex Xobeh
Okawaru
Qazlal
Ru
Sif Muna
Trog
Uskayaw
Vehumet
Wu Jian
Xom
Zin
The Shining One

Shops:
D:9 [

Annotations:
D:3 3 runed translucent doors, funkygono's ghost, amateur DrCj
D:4 3 runed translucent doors, Lidrolic's ghost, novice HuFi
D:11 2 runed translucent doors, exclusions: cyclops and door


Message History

The world spins around you as you enter the gateway.
You enter a volcano!
Found a rocky tunnel leading out of this place.
There is a rock-blocked tunnel here.
You start resting.
Magic restored.
Press: ? - help, v - describe, . - travel The floor.
You start resting.
HP restored.
You open the door.
There is an open door here.
You are engulfed in blazing flames.
You are engulfed in blazing flames.
You open the door. 3 fire vortices come into view.
You are engulfed in blazing flames.
* * * LOW HITPOINT WARNING * * *
You are engulfed in blazing flames.
You die...

##.........##
##..###..##
##+###'###
#≈≈≈☼.#
#≈☼≈☼☼##
##☼☼≈≈..#
#≈≈≈≈≈.##
##≈≈≈..#
##☼@.## #☼###
#'# ##☼ ☼.
v≈≈ ≈≈☼☼
v≈☼☼≈ ≈≈☼v..


There were no monsters in sight!

Vanquished Creatures
  3 hydras
  3 two-headed ogres
  Pikel (D:4)
  An ugly thing (D:11)
  3 elephants (Lair:3)
  2 black mambas
  Psyche (D:8)
  A centaur zombie (D:10)
  4 spiny frogs
  A komodo dragon (Lair:1)
  2 trolls (D:11)
  A queen bee (D:8)
  A hornet (D:11)
  5 dream sheep (Lair:4)
  3 blink frogs (Lair:3)
  4 hippogriffs
  22 yaks
  A wraith (D:10)
  4 hungry ghosts
  7 nagas (Lair:2)
  A soldier ant (D:11)
  A water moccasin (Lair:3)
  Duvessa (D:6)
  5 sky beasts
  5 orc warriors
  6 porcupines
  4 ice beasts
  A black bear (D:10)
  4 phantoms
  2 slaves (D:4)
  A necrophage (D:8)
  4 ogres
  7 centaurs
  3 crocodiles
  2 big kobolds
  5 bullfrogs
  An elf zombie (Ossuary)
  4 scorpions
  Dowan (D:6)
  30 killer bees
  17 wights
  5 howler monkeys
  3 crimson imps
  2 bullfrog zombies
  A hound (D:4)
  A human zombie (Ossuary)
  6 orc priests
  3 centaur skeletons
  2 jellies
  12 orc wizards
  An iguana (D:8)
  9 worker ants
  5 big kobold zombies (Ossuary)
  A hound skeleton (D:7)
  3 mummies
  A worker ant zombie (D:5)
  Robin (D:4)
  9 adders
  4 shadow imps
  2 oozes
  An adder zombie (D:9)
  2 adder skeletons
  A worm (D:3)
  A dart slug (D:1)
  9 leopard geckos
  49 orcs
  10 giant cockroaches
  3 gnoll zombies (Ossuary)
  17 goblins
  10 hobgoblins
  3 jackals (D:5)
  18 kobolds
  5 quokkas
  2 ball pythons
  9 bats
  5 frilled lizards
  A goblin zombie (Ossuary)
  2 hobgoblin zombies
  A kobold zombie (D:6)
  4 orc zombies
  A quokka skeleton (D:4)
  A quokka zombie (D:6)
  5 rats
406 creatures vanquished.

Vanquished Creatures (others)
  A goblin (D:4)
  7 fungi
  11 plants
19 creatures vanquished.

Grand Total: 425 creatures vanquished

Notes
Turn   | Place    | Note
-------+----------+-------------------------------------------
     0 | D:1      | Meegle the Deep Elf Fire Elementalist began the quest for
                  | the Orb.
     0 | D:1      | Reached XP level 1. HP: 10/10 MP: 6/6
   309 | D:1      | Found a shimmering altar of Xom.
   333 | D:1      | Reached XP level 2. HP: 15/15 MP: 6/8
   911 | D:2      | Reached XP level 3. HP: 10/19 MP: 1/9
  1237 | D:2      | Learned a level 2 spell: Throw Flame
  1241 | D:2      | Learned a level 3 spell: Conjure Flame
  1636 | D:2      | Reached XP level 4. HP: 24/24 MP: 7/11
  1791 | D:2      | Learned a level 4 spell: Sticky Flame
  1996 | D:2      | Found a blossoming altar of Fedhas.
  2105 | D:2      | Reached skill level 4 in Spellcasting
  2218 | D:3      | HP: 1/24 [orc priest/+0 club (4)]
  2506 | D:3      | Reached XP level 5. HP: 16/28 MP: 3/13
  3200 | D:3      | Found a sparkling altar of Nemelex Xobeh.
  3202 | D:3      | Found a bloodstained altar of Trog.
  3378 | D:3      | Reached skill level 5 in Fire Magic
  3464 | D:3      | Found a runed translucent gate.
  3464 | D:3      | Found a runed translucent gate.
  3464 | D:3      | Found a runed translucent gate.
  3466 | D:3      | Noticed funkygono's ghost (amateur DrCj)
  3757 | D:4      | Reached XP level 6. HP: 13/32 MP: 7/15
  3834 | D:4      | Reached skill level 5 in Spellcasting
  4097 | D:4      | Found a sand-covered staircase.
  4101 | Ossuary  | Entered an ossuary
  4326 | Ossuary  | Reached XP level 7. HP: 35/37 MP: 7/17
  4401 | Ossuary  | Reached skill level 6 in Spellcasting
  4897 | D:4      | Identified the +0 helmet of Elyvilon's Fury {Dex+2}
  4897 | D:4      | Noticed Robin
  4911 | D:5      | Entered Level 5 of the Dungeon
  4920 | D:4      | Killed Robin
  5227 | D:4      | Found a runed translucent gate.
  5227 | D:4      | Found a runed translucent gate.
  5227 | D:4      | Found a runed translucent gate.
  5227 | D:4      | Noticed Lidrolic's ghost (novice HuFi)
  5242 | D:4      | Learned a level 5 spell: Fireball
  5454 | D:4      | Noticed Pikel
  5472 | D:4      | Killed Pikel
  5472 | D:4      | Reached skill level 7 in Spellcasting
  5472 | D:4      | Reached skill level 5 in Conjurations
  5472 | D:4      | Reached XP level 8. HP: 42/42 MP: 3/21
  5771 | D:4      | Found an iron altar of Okawaru.
  5786 | D:4      | Reached skill level 8 in Spellcasting
  6178 | D:4      | Found a deep blue altar of Sif Muna.
  7222 | D:6      | Reached skill level 9 in Spellcasting
  7234 | D:6      | Reached XP level 9. HP: 46/46 MP: 1/24
  7384 | D:5      | Found a sparkling altar of Nemelex Xobeh.
  7571 | D:6      | Reached skill level 10 in Spellcasting
  7965 | D:6      | Got an ancient helmet
  8078 | D:6      | Noticed Dowan
  8079 | D:6      | Noticed Duvessa
  8085 | D:6      | Killed Dowan
  8086 | D:6      | Killed Duvessa
  8199 | D:6      | Identified the +1 helmet of Ogosseh {rF- Dex+3} (You found
                  | it on level 6 of the Dungeon)
  8532 | D:7      | Reached skill level 1 in Short Blades
  8534 | D:7      | Reached skill level 1 in Fighting
  8610 | D:7      | Found a staircase to the Ecumenical Temple.
  8616 | Temple   | Entered the Ecumenical Temple
  8650 | Temple   | Became a worshipper of Vehumet
  8692 | D:7      | Got a pair of encrusted gloves
  8693 | D:7      | Identified the +0 pair of gloves of Servitude {-Tele rN+
                  | Str+8 Dex-3} (You found it on level 7 of the Dungeon)
  9129 | D:7      | Reached skill level 11 in Spellcasting
  9416 | D:8      | Noticed Psyche
  9419 | D:8      | Killed Psyche
  9419 | D:8      | Reached XP level 10. HP: 40/52 MP: 11/27
  9653 | D:8      | Reached * piety under Vehumet
  9653 | D:8      | Offered knowledge of Freeze by Vehumet.
  9660 | D:8      | Learned a level 1 spell: Freeze
  9886 | D:8      | Noticed a two-headed ogre
 10066 | D:8      | Killed a two-headed ogre
 10066 | D:8      | Reached skill level 12 in Spellcasting
 10066 | D:8      | Reached skill level 10 in Fire Magic
 10374 | D:8      | Learned a level 4 spell: Iskenderun's Mystic Blast
 11148 | D:9      | Offered knowledge of Throw Frost by Vehumet.
 11152 | D:9      | Learned a level 2 spell: Throw Frost
 11169 | D:9      | Reached ** piety under Vehumet
 11485 | D:9      | Reached XP level 11. HP: 41/56 MP: 11/29
 11574 | D:9      | Reached skill level 13 in Spellcasting
 11898 | D:9      | Found Nyrejitits's Armour Emporium.
 11899 | D:9      | Found a staircase to the Orcish Mines.
 11900 | D:9      | Reached skill level 5 in Dodging
 12173 | D:10     | Entered Level 10 of the Dungeon
 12240 | D:10     | Offered knowledge of Ignite Poison by Vehumet.
 12553 | D:10     | Reached *** piety under Vehumet
 12793 | D:10     | Noticed a two-headed ogre
 12805 | D:10     | Killed a two-headed ogre
 13260 | D:10     | Learned a level 3 spell: Ignite Poison
 13324 | D:10     | Offered knowledge of Static Discharge by Vehumet.
 13601 | D:11     | Reached skill level 10 in Conjurations
 14030 | D:11     | Found a staircase to the Lair.
 14058 | D:11     | Learned a level 2 spell: Swiftness
 14064 | D:11     | Learned a level 5 spell: Lightning Bolt
 14155 | D:11     | Reached skill level 1 in Evocations
 14246 | D:11     | Noticed a purple ugly thing
 14255 | D:11     | Killed a purple ugly thing
 14418 | D:11     | Reached skill level 1 in Air Magic
 14588 | D:11     | Reached **** piety under Vehumet
 14606 | D:11     | Reached skill level 14 in Spellcasting
 14875 | D:11     | Noticed a two-headed ogre
 14886 | D:11     | Killed a two-headed ogre
 14886 | D:11     | Offered knowledge of Olgreb's Toxic Radiance by Vehumet.
 14892 | D:11     | Learned a level 4 spell: Olgreb's Toxic Radiance
 15229 | D:11     | Found a runed translucent door.
 15232 | D:11     | Found a runed translucent door.
 15547 | Lair:1   | Entered Level 1 of the Lair of Beasts
 15561 | Lair:1   | Noticed a six-headed hydra
 15566 | Lair:1   | Killed a six-headed hydra
 15566 | Lair:1   | Reached XP level 12. HP: 61/61 MP: 2/32
 17251 | Lair:2   | You fall through a shaft!
 17595 | Lair:3   | Noticed a four-headed hydra
 17596 | Lair:3   | Got a heavily runed leather armour
 17608 | Lair:3   | Killed a four-headed hydra
 17658 | Lair:3   | Identified the +0 leather armour of the Arcane {Regen+
                  | rCorr Int+5 Dex+4} (You found it on level 3 of the Lair of
                  | Beasts)
 17959 | Lair:3   | Found a staircase to the Shoals.
 18372 | Lair:4   | Noticed a four-headed hydra
 18380 | Lair:4   | Killed a four-headed hydra
 18752 | Lair:4   | Found a dark tunnel.
 18763 | Volcano  | Entered a volcano
 18813 | Volcano  | Engulfed by a cloud of flame

Skill      XL: |  1  2  3  4  5  6  7  8  9 10 11 12 |
---------------+-------------------------------------+-----
Fire Magic     | 4 5 6 7 8 9 10 12 | 12.7
Spellcasting   | 4 5 7 9 11 12 14 | 14.9
Conjurations   | 2 3 5 6 7 9 10 11 | 11.6
Dodging        | 3 4 7 8 |  8.2
Stealth        | 3 4 |  4.4
Short Blades   | 1 |  1.1
Fighting       | 1 |  1.4
Evocations     | 2 4 |  4.8
Air Magic      | 2 3 |  3.7
Armour         | |  0.3

Action                   |  1- 3 |  4- 6 |  7- 9 | 10-12 || total
-------------------------+-------+-------+-------+-------++-------
Melee: Dagger            |       |       |    20 |     1 ||    21
 Cast: Flame Tongue      |    78 |   158 |   266 |   559 ||  1061
       Throw Flame       |       |    12 |    63 |   107 ||   182
       Conjure Flame     |       |     1 |     7 |    19 ||    27
       Sticky Flame      |       |       |    10 |    67 ||    77
       Fireball          |       |       |     4 |    28 ||    32
       Throw Frost       |       |       |       |    11 ||    11
       Lightning Bolt    |       |       |       |     3 ||     3
  Use: Potion            |     1 |       |       |     1 ||     2
       Scroll            |       |       |     2 |     4 ||     6
  Eat: Chunk             |     2 |     8 |    13 |    26 ||    49
       Ration            |       |       |     1 |     1 ||     2
Armor: Robe              |     8 |     3 |    17 |    17 ||    45
       Leather armour    |       |       |       |     2 ||     2
Dodge: Dodged            |    27 |    26 |    51 |   160 ||   264
Block: Other             |       |       |       |    10 ||    10
